 Dungeon Crawl Stone Soup version 0.29.0-5-ge4962eb29e (webtiles) character file.

Game seed: 2191079095441359999

265 greasedhog the Stinger (level 6, -2/44 HPs)
             Began as a Gnoll Wanderer on Aug 28, 2022.
             Slain by an orc
             ... wielding a +0 flail
              (8 damage)
             ... on level 3 of the Dungeon.
             The game lasted 00:03:55 (2032 turns).

greasedhog the Stinger (Gnoll Wanderer)             Turns: 2032, Time: 00:03:56

Health: -2/44      AC:  2    Str:  9    XL:     6   Next: 20%
Magic:  8/11       EV: 20    Int: 14    God:
Gold:   192        SH:  0    Dex: 18    Spells: 3/11 levels left

rFire   . . .      SeeInvis .     - Unarmed
rCold   . . .      Faith    .   (shield currently unavailable)
rNeg    . . .      Spirit   .   (body armour currently unavailable)
rPois   x          Reflect  .   (helmet currently unavailable)
rElec   .          Harm     .   (cloak currently unavailable)
rCorr   .          Rampage  .   (gloves currently unavailable)
Will    .....                   (boots currently unavailable)
Stlth   ++........              (no amulet)
HPRegen 0.14/turn               (no ring)
MPRegen 0.12/turn               (no ring)

@: spider-form
A: venomous fangs, tiny, (fangs 1), strong nose, distributed training
a: End Transformation


You were on level 3 of the Dungeon.
You were a venomous arachnid creature.
You visited 1 branch of the dungeon, and saw 3 of its levels.

You collected 192 gold pieces.

Inventory:

Hand Weapons
 a - a +0 mace
 c - a +0 scythe (melded)
Missiles
 o - 5 silver boomerangs
Armour
 b - a +0 pair of gloves (melded)
 d - a +0 robe (melded)
Wands
 j - a wand of mindburst (8)
Scrolls
 g - a scroll of poison
 h - 2 scrolls of immolation
 l - 2 scrolls of teleportation {unknown}
 n - a scroll of blinking {unknown}
Potions
 e - a potion of curing {unknown}
 f - a potion of heal wounds
 i - a potion of lignification {unknown}
 k - a potion of haste
 m - a potion of mutation {unknown}


   Skills:
 + Level 1.9 Fighting
 + Level 1.9 Short Blades
 + Level 1.9 Long Blades
 + Level 1.9 Axes
 + Level 3.2 Maces & Flails
 + Level 1.9 Polearms
 + Level 1.9 Staves
 + Level 1.9 Ranged Weapons
 + Level 1.9 Throwing
 + Level 1.9 Armour
 + Level 3.2 Dodging
 + Level 3.0 Stealth
 + Level 1.9 Shields
 + Level 1.9 Unarmed Combat
 + Level 3.4 Spellcasting
 + Level 1.5 Conjurations
 + Level 1.5 Hexes
 + Level 1.5 Summonings
 + Level 1.5 Necromancy
 + Level 1.5 Translocations
 + Level 1.5 Transmutations
 + Level 1.5 Fire Magic
 + Level 1.5 Ice Magic
 + Level 1.5 Air Magic
 + Level 1.5 Earth Magic
 + Level 7.3 Poison Magic
 + Level 2.1 Invocations
 + Level 5.0 Evocations


You had 3 spell levels left.
You knew the following spells:

 Your Spells              Type           Power      Damage    Failure   Level
a - Sting                 Tmut/Pois      56%        1d5       11%         1
b - Spider Form           Tmut/Pois      14%        N/A       24%         3
c - Olgreb's Toxic Radia  Pois           22%        N/A       26%         4

Your spell library contained the following spells:

 Spells                   Type           Power      Damage    Failure   Level
 Freeze                   Ice            24%        1d5       26%         1
 Frozen Ramparts          Ice            12%        1d2       54%         3
 Hailstorm                Conj/Ice       6%         3d4       88%         4


Dungeon Overview and Level Annotations

Branches:
Dungeon (3/15)

Altars:

Shops:
D:2 (


Innate Abilities, Weirdness & Mutations

You are a venomous arachnid creature.
You have poisonous fangs.
You are tiny and dextrous.
Your spellcasting is less reliable in this form.
Your armour is entirely melded.
You are incapable of wielding weapons or throwing items.
((You have very sharp teeth.))
Your uncanny sense of smell can sniff out nearby items.
Your experience applies equally to all skills.


Message History

You reach to attack!
You barely miss the goblin.
An orc comes into view. It is wielding a +0 flail.
The goblin shoots a sling bullet.
The sling bullet hits you.
You hear a shout!
You reach to attack!
You hit the worm.
The worm is lightly wounded.
The goblin shoots a sling bullet.
The sling bullet barely misses you.
The goblin shoots a sling bullet.
The sling bullet closely misses you.
You barely miss the worm. You bite the worm, but do no damage.
You barely miss the worm. The orc barely misses you.
An orc comes into view. It is wielding a +0 club.
The goblin unwields a +0 sling.
The goblin wields a +0 club.
The goblin hits you with a +0 club. The worm barely misses you.
The orc closely misses you.
You hit the worm.
The worm is moderately wounded.
The goblin hits you but does no damage. The orc misses you. The worm bites you!
The goblin hits you with a +0 club.
You puncture the worm! Your bite misses the worm.
The worm is almost dead.
The orc barely misses you. The goblin hits you but does no damage.
The worm bites you!
You are too injured to fight recklessly!
Unknown command.
You are too injured to fight recklessly!
Unknown command.
The goblin attacks as you move away! The goblin hits you with a +0 club.
The orc attacks as you move away! The orc misses you.
Casting: Sting (safe; 3% risk of failure)
Confirm with . or Enter, or press ? or * to list all spells.
You turn into a venomous arachnid creature.
Your +0 scythe melds into your body.
Your +0 pair of gloves melds into your body.
Your +0 robe melds into your body.
The goblin hits you with a +0 club.
* * * LOW HITPOINT WARNING * * *
The orc hits you with a +0 club.
* * * LOW HITPOINT WARNING * * *
The orc attacks as you move away! The orc closely misses you.
The orc attacks as you move away! The orc hits you with a +0 flail!
You die...

........##.#.#.#.....
...............##......#
.........................
............###.........#
............####.......#.
............†.....#.#.#.#
...................#.#.#.
..................#.#.#.#
.......ws..........#.#.#.
.......goo........#.#.#.#
............######.#.#.#.
............# #.#.#.
#.....####### #.#. #.....
#..... #.... #....


You could see a worm, 2 orcs and a goblin.

Vanquished Creatures
  Sigmund (D:2)
  3 gnolls (D:2)
  3 adders
  3 dart slugs
  3 orcs (D:2)
  3 ball pythons
  2 endoplasms (D:3)
  A giant cockroach (D:2)
  2 goblins (D:2)
  2 hobgoblins
  2 quokkas
  4 bats
  A frilled lizard (D:2)
  4 kobolds
  4 rats
38 creatures vanquished.

Notes
Turn   | Place    | Note
-------+----------+-------------------------------------------
     0 | D:1      | greasedhog the Gnoll Wanderer began the quest for the Orb.
     0 | D:1      | greasedhog set off with the following items: a +0 mace, a
                  | +0 pair of gloves, a potion of haste, a +0 robe; and the
                  | following spell memorised: Sting; and the following spells
                  | available to memorise: Olgreb's Toxic Radiance, Spider
                  | Form.
     0 | D:1      | Reached XP level 1. HP: 13/13 MP: 4/4
   103 | D:1      | Reached XP level 2. HP: 17/19 MP: 3/5
   395 | D:1      | You fall into a shaft and drop 1 floor!
   441 | D:2      | Found Xeamm's Antique Weapon Boutique.
   549 | D:2      | Reached XP level 3. HP: 25/25 MP: 5/7
   553 | D:2      | Learned a level 3 spell: Spider Form
   710 | D:2      | Reached skill level 1 in Invocations
   718 | D:2      | Reached skill level 1 in Fighting
   718 | D:2      | Reached skill level 1 in Short Blades
   718 | D:2      | Reached skill level 1 in Long Blades
   718 | D:2      | Reached skill level 1 in Axes
   718 | D:2      | Reached skill level 1 in Polearms
   718 | D:2      | Reached skill level 1 in Staves
   718 | D:2      | Reached skill level 1 in Ranged Weapons
   718 | D:2      | Reached skill level 1 in Throwing
   718 | D:2      | Reached skill level 1 in Armour
   718 | D:2      | Reached skill level 1 in Shields
   718 | D:2      | Reached skill level 1 in Unarmed Combat
   736 | D:2      | Reached XP level 4. HP: 18/32 MP: 2/8
   999 | D:2      | Noticed Sigmund
  1019 | D:2      | Killed Sigmund
  1020 | D:2      | Reached skill level 1 in Conjurations
  1020 | D:2      | Reached skill level 1 in Hexes
  1020 | D:2      | Reached skill level 1 in Summonings
  1020 | D:2      | Reached skill level 1 in Necromancy
  1020 | D:2      | Reached skill level 1 in Translocations
  1020 | D:2      | Reached skill level 1 in Transmutations
  1020 | D:2      | Reached skill level 1 in Fire Magic
  1020 | D:2      | Reached skill level 1 in Ice Magic
  1020 | D:2      | Reached skill level 1 in Air Magic
  1020 | D:2      | Reached skill level 1 in Earth Magic
  1020 | D:2      | Reached XP level 5. HP: 20/38 MP: 2/10
  1020 | D:2      | Reached XP level 6. HP: 23/44 MP: 2/11
  1639 | D:2      | Learned a level 4 spell: Olgreb's Toxic Radiance
  1869 | D:3      | Reached skill level 5 in Evocations
  1949 | D:3      | Found a faded altar of an unknown god.
  2032 | D:3      | Slain by an orc

Illustrated notes

Levels and vault maps discovered:
D:1:      lemuel_arrival_muddy, layout_loops_corners,
          minmay_misc_feat_nine_boxes
D:2:      layout_basic, serial_shops, nicolae_shop_hallway_stairs,
          dreamdust_wishing_well, uniq_sigmund
D:3:      layout_basic, hellmonk_ecumenical_altar_blasted

Skill      XL: |  1  2  3  4  5  6 |
---------------+-------------------+-----
Invocations    | 1 2 |  2.1
Fighting       | 1 |  1.9
Short Blades   | 1 |  1.9
Long Blades    | 1 |  1.9
Axes           | 1 |  1.9
Polearms       | 1 |  1.9
Staves         | 1 |  1.9
Ranged Weapons | 1 |  1.9
Throwing       | 1 |  1.9
Armour         | 1 |  1.9
Shields        | 1 |  1.9
Unarmed Combat | 1 |  1.9
Maces & Flails | 3 |  3.2
Dodging        | 3 |  3.2
Stealth        | 3 |  3.0
Spellcasting   | 3 |  3.4
Conjurations   | 1 |  1.5
Hexes          | 1 |  1.5
Summonings     | 1 |  1.5
Necromancy     | 1 |  1.5
Translocations | 1 |  1.5
Transmutations | 1 |  1.5
Fire Magic     | 1 |  1.5
Ice Magic      | 1 |  1.5
Air Magic      | 1 |  1.5
Earth Magic    | 1 |  1.5
Evocations     | 5 |  5.0
Poison Magic   | |  7.3

Action                   |  1- 3 |  4- 6 || total
-------------------------+-------+-------++-------
Melee: Mace              |    21 |     9 ||    30
       Bite              |     1 |     3 ||     4
       Halberd           |       |    27 ||    27
       Unarmed           |       |    10 ||    10
 Cast: Sting             |    32 |    12 ||    44
       Spider Form       |       |     2 ||     2
  Use: Scroll            |     1 |       ||     1
       Potion            |     1 |     1 ||     2
 Stab: Sleeping          |       |     2 ||     2
Armor: Robe              |    13 |     6 ||    19
       Skin              |       |     1 ||     1
Dodge: Dodged            |    22 |    37 ||    59
